 Dungeon Crawl Stone Soup version 0.25-a0-161-gb7fd73d (webtiles) character file.

Game seed: 14685979106304423247, levelgen mode: deterministic

2538 HungryMoth the Fighter (level 9, -3/76 HPs)
             Began as a Formicid Abyssal Knight on Nov 22, 2019.
             Was an Elder of Lugonu.
             Killed from afar by an orc wizard (5 damage)
             ... with a magic dart
             ... on level 6 of the Dungeon.
             The game lasted 00:32:44 (10269 turns).

HungryMoth the Fighter (Formicid Abyssal Knight)   Turns: 10269, Time: 00:32:44

Health: -3/76      AC:  9    Str: 18    XL:     9   Next: 85%
Magic:  10/10      EV:  8    Int: 12    God:    Lugonu [****..]
Gold:   280        SH: 10    Dex: 12    Spells: 8/8 levels left

rFire    + . .     SeeInvis +   a - +1 falchion
rCold    . . .     Gourm    .   z - +0 shield
rNeg     . . .     Faith    .   D - +0 scale mail {rF+}
rPois    .         Spirit   .   (helmet unavailable)
rElec    .         Reflect  .   k - scarf {repulsion}
rCorr    .         Harm     .   (no gloves)
MR       .....                  (no boots)
Stlth    ..........             (no amulet)
HPRegen  0.22/turn              (no ring)
MPRegen  0.12/turn              (no ring)

@: heavily drained, repel missiles
A: permanent stasis, dig shafts and tunnels, four strong arms, antennae 3, claws
1, thin metallic scales 1
a: Dig, Shaft Self, Depart the Abyss, Bend Space, Banish, Corrupt, Renounce
Religion


You were on level 6 of the Dungeon.
You worshipped Lugonu.
Lugonu was greatly pleased with you.
You were very hungry.

You visited 1 branch of the dungeon, and saw 8 of its levels.
You visited the Abyss 1 time.
You also visited: Bailey.

You collected 280 gold pieces.

Inventory:

Hand Weapons
 a - a +1 falchion (weapon)
Missiles
 v - 4 boomerangs (quivered)
Armour
 k - a scarf of repulsion (worn)
 w - a +0 cloak
 z - a +0 shield (worn)
 D - a +0 scale mail of fire resistance (worn)
Wands
 f - a wand of paralysis (6)
 C - a wand of iceblast (10)
Scrolls
 h - 4 scrolls of remove curse
 j - 4 scrolls of identify {unknown}
 m - 4 scrolls of teleportation {unknown}
 n - a scroll of immolation {unknown}
 o - a scroll of fog {unknown}
 r - 2 scrolls of enchant weapon {unknown}
 s - 5 scrolls of enchant armour {unknown}
 u - a scroll of noise {unknown}
 x - a scroll of random uselessness {unknown}
 y - a scroll of fear {unknown}
Potions
 d - 2 potions of curing
 e - a potion of haste
 i - 2 potions of lignification
Comestibles
 c - 8 rations


   Skills:
 - Level 9.0(6.5) Fighting
 - Level 2.0(0.0) Long Blades
 - Level 8.6(6.1) Armour
 - Level 0.8(0.0) Dodging
 + Level 7.9(5.5) Shields
 - Level 2.1(0.1) Invocations


You had 8 spell levels left.
You didn't know any spells.
Your spell library was empty.

Dungeon Overview and Level Annotations

Branches:
Dungeon (8/15)             Temple (0/1) D:7          Bailey (visited)
   Lair: D:8-11

Altars:
Ashenzari
Elyvilon
Fedhas
Makhleb
Nemelex Xobeh
Okawaru
Qazlal
Ru
Trog
Yredelemnul
The Shining One

Annotations:
D:7 3 runed translucent doors, Hedningen's ghost, novice OpCj; Rydian's ghost, novice TrMo


Innate Abilities, Weirdness & Mutations

You cannot be hasted, slowed, berserked, paralysed or teleported.
You can dig through walls and to a lower floor.
Your four strong arms can wield two-handed weapons with a shield.
You have a pair of large antennae on your head. (SInv)
You have sharp fingernails.
You are partially covered in thin metallic scales. (AC +2)


Message History

You retract your mandibles.
You extend your mandibles.
You dig through the rock wall.
The orc wizard gestures at you while chanting.
You are confused.
Your mandibles retract as you bump into the rock wall.
You are feeling very hungry.
You bump into the rock wall.
Your magical effects are unravelling.
You feel magically purged.
You feel less confused.
The orc wizard gestures at you while chanting.
The magic dart hits you.
* * * LOW HITPOINT WARNING * * *
The orc warrior hits you with a +0 war axe!
* * * LOW HITPOINT WARNING * * *
Okay, then.
The orc wizard casts a spell at you. The magic dart hits you.
You die...

#####.....#.......#......######..
...##.....#.......#......#....'..
..........'.......#......#....#..
...)......#.......#......#....#..
..........#.......#......#....#..
...######+#.......#......##...#..
...##.....#......oo......##...#..
...##.....'.......#......#....#..
....#.....#.....@.#......#....#..
)...#.....#.......#......#....#..
....#.....#.......#......#....#..
...##...5.#.......##.....###..#..
...####'###........#.....#######.
....#.....#........#†......# #.
....+.....#........#.......# #.
....#.....#........#.......# #.
...####{###........#'####..# ###.


You could see an orc warrior and an orc wizard.

Vanquished Creatures
  Grinder (D:6)
  A hippogriff (D:7)
  A hungry ghost (D:7)
  Edmund (D:6)
  A water moccasin (D:6)
  Duvessa (D:7)
  2 phantoms
  2 ice beasts
  A sky beast (D:5)
  3 ogres (D:6)
  A centaur (D:7)
  A big kobold (D:4)
  A bullfrog (D:6)
  Dowan (D:7)
  2 scorpions (D:6)
  A crimson imp (D:5)
  A hound (D:6)
  2 orc wizards (D:2)
  2 orc priests
  A bullfrog skeleton (D:6)
  An iguana (D:6)
  4 worker ants
  A hound skeleton (D:4)
  8 gnolls
  7 adders
  2 oozes
  3 worms
  A dart slug (D:2)
  5 leopard geckos
  18 orcs
  A giant cockroach (D:5)
  8 goblins
  5 hobgoblins
  14 jackals
  2 quokkas
  3 ball pythons (D:1)
  5 bats
  6 frilled lizards
  28 kobolds
  4 rats
153 creatures vanquished.

Vanquished Creatures (others)
  4 plants (D:4)
4 creatures vanquished.

Grand Total: 157 creatures vanquished

Notes
Turn   | Place    | Note
-------+----------+-------------------------------------------
     0 | Abyss:1  | HungryMoth the Formicid Abyssal Knight began the quest for
                  | the Orb.
     0 | Abyss:1  | Reached XP level 1. HP: 18/18 MP: 2/2
     3 | Abyss:1  | Found a corrupted altar of Lugonu.
    14 | D:1      | Escaped the Abyss
   111 | D:1      | Reached XP level 2. HP: 14/24 MP: 3/3
   765 | D:2      | Reached XP level 3. HP: 22/30 MP: 4/4
   826 | D:2      | Reached skill level 4 in Fighting
  1043 | D:2      | Found a shattered altar of Ashenzari.
  1071 | D:2      | Reached ** piety under Lugonu
  1149 | D:2      | Reached XP level 4. HP: 17/37 MP: 5/5
  2350 | D:3      | Found a faded altar of an unknown god.
  2350 | D:3      | Found a blossoming altar of Fedhas.
  2357 | D:3      | Found a faded altar of an unknown god.
  2359 | D:3      | Found a bloodstained altar of Trog.
  2361 | D:3      | Found a sparkling altar of Nemelex Xobeh.
  2683 | D:2      | Reached XP level 5. HP: 21/43 MP: 6/6
  2694 | D:2      | Reached skill level 5 in Fighting
  3030 | D:3      | Found a burning altar of Makhleb.
  3070 | D:3      | Reached XP level 6. HP: 47/51 MP: 7/7
  3475 | D:3      | Reached skill level 5 in Armour
  3504 | D:3      | Found a glowing golden altar of the Shining One.
  3891 | D:4      | Gained mutation: You are covered in fur. (AC +1) [potion of
                  | mutation]
  3891 | D:4      | Lost mutation: You are covered in fur. (AC +1) [potion of
                  | mutation]
  3891 | D:4      | Gained mutation: You are dopey. (Int -2) [potion of
                  | mutation]
  3891 | D:4      | Gained mutation: You have a somewhat thin skeletal
                  | structure. (Dex +2, Stealth) [potion of mutation]
  4246 | D:4      | Found a basalt altar of Yredelemnul.
  4265 | D:4      | Reached skill level 6 in Fighting
  4459 | D:4      | Reached *** piety under Lugonu
  4494 | D:4      | Reached XP level 7. HP: 34/58 MP: 8/8
  5430 | D:5      | Entered Level 5 of the Dungeon
  5533 | D:5      | Found a stormy altar of Qazlal.
  5933 | D:5      | Found a sacrificial altar of Ru.
  6006 | D:5      | Reached skill level 7 in Fighting
  6314 | D:6      | Noticed a water moccasin
  6333 | D:6      | Killed a water moccasin
  6333 | D:6      | Reached XP level 8. HP: 21/67 MP: 9/9
  6994 | D:6      | Reached skill level 8 in Fighting
  7226 | D:6      | HP: 2/68 [ogre/+0 giant club (16)]
  7542 | D:6      | Noticed Grinder
  7857 | D:6      | Found a bloodstained altar of Trog.
  7919 | D:6      | You fall into a shaft and drop 2 floors!
  7919 | D:8      | Noticed a two-headed ogre
  8032 | D:7      | Found a flagged portal.
  8048 | Bailey   | Entered a bailey
  8146 | D:7      | Found a white marble altar of Elyvilon.
  8176 | D:7      | Found a staircase to the Ecumenical Temple.
  8305 | D:7      | Found a runed translucent gate.
  8305 | D:7      | Found a runed translucent gate.
  8305 | D:7      | Noticed Rydian's ghost (novice TrMo)
  8306 | D:7      | Found a runed translucent gate.
  8306 | D:7      | Noticed Hedningen's ghost (novice OpCj)
  8335 | D:7      | Reached skill level 9 in Fighting
  8335 | D:7      | Reached XP level 9. HP: 65/76 MP: 10/10
  8364 | D:7      | Noticed Dowan
  8365 | D:7      | Noticed Duvessa
  8402 | D:7      | Killed Duvessa
  8419 | D:7      | Killed Dowan
  8767 | D:7      | Noticed a hippogriff
  8828 | D:7      | Killed a hippogriff
  8841 | D:7      | Reached skill level 5 in Shields
  9343 | D:6      | Found a sparkling altar of Nemelex Xobeh.
  9361 | D:6      | Reached **** piety under Lugonu
  9497 | D:6      | Noticed Edmund
  9517 | D:6      | Found an iron altar of Okawaru.
  9554 | D:6      | Killed Edmund
  9685 | D:6      | Lost mutation: You have a somewhat thin skeletal structure.
                  | (Dex +2, Stealth) [potion of mutation]
  9685 | D:6      | Lost mutation: You are dopey. (Int -2) [potion of mutation]
  9685 | D:6      | Gained mutation: You are partially covered in thin metallic
                  | scales. (AC +2) [potion of mutation]
  9685 | D:6      | Gained mutation: You have sharp fingernails. [potion of
                  | mutation]
  9793 | D:6      | Killed Grinder
 10268 | D:6      | HP: 1/76 [orc warrior/+0 war axe (9)]
 10269 | D:6      | Killed from afar by an orc wizard

Levels and vault maps discovered:
D:1:      nzn_arrival_crosshair, layout_loops_ring
D:2:      minmay_evil_eye, layout_basic, ashenzari_altar_1
D:3:      layout_loops_cross, old_standard_altar,
          chequers_temple_overflow_minitemple, nicolae_overflow_crystal_walls,
          first_ration
D:4:      kennysheep_kobold_camp, layout_loops_cross, yredelemnul_altar_generic
D:5:      layout_cave_pools, nicolae_ru_the_path_less_chosen, basic_altar
D:6:      layout_gridville, okawaru_trees_1, basic_altar,
          nemelex_dance_club_becter, uniq_edmund, uniq_grinder
D:7:      cheibrodos_shockbox, layout_basic, lemuel_crystal_altar,
          lemuel_crystal_altar, minmay_temple_entry_fiery, enter_bailey_1,
          gammafunk_ghost_cemetery, uniq_duvessa
D:8:      layout_basic, lemuel_crystal_altar, serial_shops, shop, shop

Skill      XL: |  1  2  3  4  5  6  7  8  9 |
---------------+----------------------------+-----
Armour         | 3 4 5 6 8 |  8.6
Fighting       | 4 5 6 7 9 |  9.0
Shields        | 7 |  7.9
Long Blades    | |  2.0
Dodging        | |  0.8
Invocations    | |  2.1

Action                   |  1- 3 |  4- 6 |  7- 9 || total
-------------------------+-------+-------+-------++-------
Melee: Falchion          |    69 |   294 |   570 ||   933
Throw: Boomerang         |       |       |     6 ||     6
Invok: Bend Space        |       |       |    10 ||    10
 Abil: Dig               |       |       |     4 ||     4
       Shaft Self        |       |       |     1 ||     1
  Use: Potion            |       |     2 |    15 ||    17
       Scroll            |       |       |     1 ||     1
 Stab: Distracted        |       |     1 |       ||     1
       Invisible         |       |       |     1 ||     1
  Eat: Chunk             |       |    12 |     5 ||    17
       Ration            |       |       |     6 ||     6
Armor: Leather armour    |     3 |       |       ||     3
       Ring mail         |    25 |   138 |    20 ||   183
       Plate armour      |       |       |   245 ||   245
       Scale mail        |       |       |    83 ||    83
       Skin              |       |       |    12 ||    12
Dodge: Dodged            |    45 |   173 |   210 ||   428
       Deflected         |       |       |     3 ||     3
Block: Shield            |       |       |   109 ||   109
       Rpst.: Falchion   |    10 |    51 |    60 ||   121

Table legend:
 A = Non-vault XP
 B = Vault XP
 C = Vault XP percentage of total XP
 D = Non-vault monster count
 E = Vault monster count
 F = Vault count percentage of total count
                 A         B        C        D         E       F
            +---------+---------+-------+---------+---------+-------
      Total |    2685 |     942 |  26.0 |     122 |      31 |  20.3
            +---------+---------+-------+---------+---------+-------
        D:1 |      21 |       0 |   0.0 |      12 |       0 |   0.0
        D:2 |     128 |      20 |  13.5 |      21 |       4 |  16.0
        D:3 |     171 |       0 |   0.0 |      33 |       0 |   0.0
        D:4 |     157 |     138 |  46.8 |      12 |      21 |  63.6
        D:5 |     359 |       0 |   0.0 |       7 |       0 |   0.0
        D:6 |    1135 |     558 |  33.0 |      31 |       4 |  11.4
        D:7 |     714 |     226 |  24.0 |       6 |       2 |  25.0
            +---------+---------+-------+---------+---------+-------
